 Dungeon Crawl Stone Soup version 0.25-a0-51-gc466198 (webtiles) character file.

Game seed: 1445183867335433607, levelgen mode: deterministic

662 Cinza the Cudgeler (level 7, -9/67 HPs)
             Began as a Troll Fighter on Oct 24, 2019.
             Mangled by Menkaure (15 damage)
             ... on level 4 of the Dungeon on Oct 25, 2019.
             The game lasted 01:03:42 (3362 turns).

Cinza the Cudgeler (Troll Fighter)                  Turns: 3362, Time: 01:03:43

Health: -9/67      AC:  6    Str: 27    XL:     7   Next: 30%
Magic:  6/6        EV:  9    Int:  4    God:
Gold:   174        SH:  9    Dex:  9    Spells: 6/6 levels left

rFire    . . .     SeeInvis .   a - +2 flail
rCold    . . .     Gourm    +   c - +0 shield
rNeg     . . .     Faith    .   g - +0 animal skin
rPois    .         Spirit   .   (helmet restricted)
rElec    .         Reflect  .   (no cloak)
rCorr    .         Harm     .   (gloves unavailable)
MR       .....                  (boots unavailable)
Stlth    +.........             (no amulet)
HPRegen  0.61/turn              (no ring)
MPRegen  0.10/turn              (no ring)

@: lethally poisoned (-9 -> -10), about to teleport
A: large, unfitting armour, claws 3, fast metabolism 3, gourmand, regeneration
1, shaggy fur 1, tough skin 3
a: no special abilities


You were on level 4 of the Dungeon.
You were not hungry.

You visited 1 branch of the dungeon, and saw 4 of its levels.

You collected 174 gold pieces.

Inventory:

Hand Weapons
 a - a +2 flail (weapon)
 d - a +0 mace
 h - a +2 scythe of protection
 j - a +0 giant spiked club
 p - a +1 vampiric whip
Missiles
 l - 56 stones (quivered)
 m - 8 boomerangs
Armour
 c - a +0 shield (worn)
 g - a +0 animal skin (worn)
Scrolls
 i - a scroll of remove curse {unknown}
 q - a scroll of blinking {unknown}
Potions
 e - a potion of haste {unknown}
 k - a potion of flight {unknown}
 s - a potion of mutation {unknown}
Comestibles
 f - 5 rations
 o - 5 chunks of flesh


   Skills:
 + Level 3.2 Fighting
 + Level 5.0 Maces & Flails
 + Level 0.8 Throwing
 + Level 3.6 Dodging
 + Level 0.1 Stealth
 + Level 4.0 Shields


You had 6 spell levels left.
You didn't know any spells.
Your spell library was empty.

Dungeon Overview and Level Annotations

Branches:
Dungeon (4/15)
 Temple: D:4-7

Altars:
Hepliaklqana
Makhleb
Okawaru
Trog
Yredelemnul

Annotations:
D:4 Menkaure, Natasha


Innate Abilities, Weirdness & Mutations

You are too large for most types of armour.
You have claws for hands.
Your metabolism is lightning-fast.
You like to eat raw meat.
Your natural rate of healing is unusually fast.
You are covered in fur. (AC +1)
You have extremely tough skin. (AC +3)


Message History

You block the worker ant's attack.
You closely miss the worker ant.
The worker ant is heavily wounded.
You feel sick. You block Menkaure's attack. The worker ant bites you.
* * * LOW HITPOINT WARNING * * *
The worm bites you!
* * * LOW HITPOINT WARNING * * *
Menkaure rustles drily.
You block Menkaure's attack.
You feel sick.
You feel sick. You block the worker ant's attack.
As you read the scroll of teleportation, it crumbles to dust.
You feel strangely unstable.
Menkaure calls on the powers of darkness!
The worker ant convulses!
Your body is wracked with pain!
* * * LOW HITPOINT WARNING * * *
The worm convulses!
The worker ant bites you but does no damage.
You feel sick.
Menkaure is no longer moving quickly.
Menkaure hits you!
You die...

...#..#....###.##.....
#.............(...#
%#............#..<#
..............#...#
..#>.......[.....##
.##.........##...# .
#.....w...##.....? ##.
#....Ma....#......
...##....@...##.....#
##.##...............#
##.............##.##.#
...............###
##...............#
#..#....####.....>
#.####..## #...###.
#.. #...###.####..#
##.# ##.##....#....#


You could see Menkaure, a worm and a worker ant.

Vanquished Creatures
  Grinder (D:3)
  Sigmund (D:2)
  An ogre (D:4)
  A scorpion (D:4)
  A hound (D:4)
  Natasha (twice) (D:4)
  Robin (D:3)
  5 adders
  2 oozes
  2 worms
  A dart slug (D:1)
  5 leopard geckos
  7 orcs
  4 ball pythons
  2 giant cockroaches (D:1)
  15 goblins
  5 hobgoblins
  4 bats
  7 kobolds
  4 rats
  A bush (D:1)
  3 plants (D:1)
75 creatures vanquished.

Notes
Turn   | Place    | Note
-------+----------+-------------------------------------------
     0 | D:1      | Cinza the Troll Fighter began the quest for the Orb.
     0 | D:1      | Reached XP level 1. HP: 22/22 MP: 0/0
   232 | D:1      | Reached XP level 2. HP: 29/29 MP: 1/1
   466 | D:1      | Reached skill level 2 in Maces & Flails
   894 | D:2      | Reached XP level 3. HP: 36/36 MP: 2/2
  1158 | D:2      | Reached XP level 4. HP: 43/44 MP: 3/3
  1672 | D:3      | Found a burning altar of Makhleb.
  1674 | D:3      | Found a basalt altar of Yredelemnul.
  1674 | D:3      | Found a hazy altar of Hepliaklqana.
  1676 | D:3      | Found an iron altar of Okawaru.
  1712 | D:3      | Found a bloodstained altar of Trog.
  2123 | D:3      | Noticed Grinder
  2137 | D:3      | Paralysed by Grinder for 3 turns
  2146 | D:3      | Paralysed by Grinder for 5 turns
  2161 | D:3      | Killed Grinder
  2161 | D:3      | Reached skill level 4 in Maces & Flails
  2161 | D:3      | Reached XP level 5. HP: 15/53 MP: 4/4
  2161 | D:3      | Reached XP level 6. HP: 18/61 MP: 5/5
  2278 | D:3      | Noticed Robin
  2315 | D:3      | Killed Robin
  2803 | D:2      | Noticed Sigmund
  2836 | D:2      | Killed Sigmund
  2856 | D:2      | Paralysed by fainting for 9 turns
  3188 | D:4      | Reached XP level 7. HP: 44/67 MP: 6/6
  3206 | D:4      | Noticed Natasha
  3213 | D:4      | Killed Natasha
  3245 | D:4      | Noticed Natasha
  3282 | D:4      | Killed Natasha
  3282 | D:4      | Reached skill level 5 in Maces & Flails
  3309 | D:4      | Noticed Natasha
  3325 | D:4      | Noticed Menkaure
  3362 | D:4      | Mangled by Menkaure

Levels and vault maps discovered:
D:1:      kilobyte_arrival_exit_the_forest, layout_basic,
          lexackson_kobold_supper
D:2:      layout_basic, uniq_sigmund
D:3:      layout_basic, grunt_temple_overflow_open, first_ration, uniq_robin,
          uniq_grinder
D:4:      layout_cave_pools, minmay_temple_entry_arrows,
          kennysheep_okawaru_gauntlet, uniq_natasha, uniq_menkaure

Skill      XL: |  1  2  3  4  5  6  7 |
---------------+----------------------+-----
Maces & Flails | 2 4 5 |  5.0
Shields        | 3 4 |  4.0
Fighting       | 3 |  3.2
Dodging        | 3 |  3.6
Throwing       | |  0.8
Stealth        | |  0.1

Action                   |  1- 3 |  4- 6 |  7- 9 || total
-------------------------+-------+-------+-------++-------
Melee: Flail             |   228 |   111 |    42 ||   381
       Whip              |       |    37 |       ||    37
Throw: Large rock        |     6 |     4 |       ||    10
       Stone             |       |    12 |     1 ||    13
       Boomerang         |       |     3 |       ||     3
  Use: Scroll            |     2 |     4 |     1 ||     7
       Potion            |       |     4 |     2 ||     6
  Eat: Chunk             |    13 |     7 |       ||    20
       Ration            |       |     2 |     1 ||     3
Armor: Robe              |    45 |    63 |       ||   108
       Animal skin       |       |     3 |    24 ||    27
Dodge: Dodged            |    50 |    58 |     9 ||   117
Block: Shield            |    54 |    85 |    34 ||   173

Table legend:
 A = Non-vault XP
 B = Vault XP
 C = Vault XP percentage of total XP
 D = Non-vault monster count
 E = Vault monster count
 F = Vault count percentage of total count
                 A         B        C        D         E       F
            +---------+---------+-------+---------+---------+-------
      Total |     380 |     567 |  59.9 |      49 |      22 |  31.0
            +---------+---------+-------+---------+---------+-------
        D:1 |      24 |      11 |  31.4 |      12 |       8 |  40.0
        D:2 |      89 |     205 |  69.7 |      16 |       1 |   5.9
        D:3 |      38 |     316 |  89.3 |      10 |      12 |  54.5
        D:4 |     229 |      35 |  13.3 |      11 |       1 |   8.3
            +---------+---------+-------+---------+---------+-------
